 Dungeon Crawl Stone Soup version 0.31.0-32-g396128a36d (webtiles) character file.

Game seed: 7726266719320206313

1997 dorian the Slicer (level 9, -3/49 HPs)
             Began as a Vine Stalker Brigand on Mar 15, 2024.
             Was a Follower of Uskayaw.
             Succumbed to their own poison gas
             ... on level 7 of the Dungeon.
             The game lasted 00:11:58 (5986 turns).

dorian the Slicer (Vine Stalker Brigand)            Turns: 5986, Time: 00:11:58

Health: -3/49      AC:  5    Str: 15    XL:     9   Next: 21%
Magic:  0/19       EV: 11    Int: 11    God:    Uskayaw [*.....]
Gold:   283        SH:  0    Dex: 19    Spells: 8/8 levels left

rFire   . . .        a - +2 dagger (flame)
rCold   . . .        (no shield)
rNeg    . . .        b - +0 robe
rPois   .            (no helmet)
rElec   .            c - +1 cloak
rCorr   .            (no gloves)
SInv    .            i - +0 pair of boots
Will    +....        (no amulet)
Stlth   +++          t - ring of magical power
HPRegen 1.08/turn    (no ring)
MPRegen 0.16/turn

%: guardian spirit
@: lethally poisoned (-3 -> -18)
A: fangs 3, regeneration 1, magic shield, antimagic bite, no potion heal 2
a: Renounce Religion, Stomp


You were on level 7 of the Dungeon.
You worshipped Uskayaw.
Uskayaw was noncommittal.
You visited 2 branches of the dungeon, and saw 8 of its levels.
You also visited: Sewer.

You collected 283 gold pieces.

Inventory:

Hand Weapons
 a - a +2 dagger of flaming (weapon)
 A - a +4 dagger
Missiles
 d - 9 poisoned darts (quivered)
 e - 8 curare-tipped darts
 s - 5 throwing nets
Armour
 b - a +0 robe (worn)
 c - a +1 cloak (worn)
 i - a +0 pair of boots (worn)
 p - an orb of guile
Jewellery
 t - a ring of magical power (left hand)
Wands
 x - a wand of flame (15)
Scrolls
 f - 2 scrolls of enchant armour
 g - 4 scrolls of noise
 l - a scroll of amnesia
 m - a scroll of poison
 o - a scroll of immolation
 r - a scroll of identify
 z - a scroll of silence {unknown}
 B - a scroll of fog
Potions
 h - a potion of ambrosia
 j - 2 potions of resistance {unknown}
 k - a potion of brilliance {unknown}
 n - 2 potions of lignification {unknown}
 q - a potion of curing
 u - a potion of berserk rage {unknown}
 v - a potion of mutation {unknown}
 w - 4 potions of heal wounds


   Skills:
 + Level 6.4 Fighting
 * Level 9.0 Short Blades
 - Level 1.7 Throwing
 - Level 0.7 Dodging
 - Level 4.8 Stealth


You had 8 spell levels left.
You didn't know any spells.
Your spell library contained the following spells:

 Spells                   Type           Power      Damage    Failure   Level
 Scorch                   Fire           0%         2d5       47%         2
 Sublimation of Blood     Necr           0%         N/A       47%         2
 Fugue of the Fallen      Necr           0%         N/A       71%         3
 Ozocubu's Armour         Ice            0%         N/A       71%         3
 Flame Wave               Conj/Fire      0%         2d4       98%         4
 Manifold Assault         Tloc           0%         N/A       98%         4
 Petrify                  Alch/Erth      0%         N/A       98%         4
 Irradiate                Conj/Alch      0%         3d11      100%        5
 Summon Cactus Giant      Summ           0%         N/A       100%        6


Dungeon Overview and Level Annotations

Branches:
Dungeon (7/15) Zot: 26898  Temple (1/1) D:6 Zot: 5961   Sewer (visited)

Altars:
Ashenzari
Cheibriados
Dithmenos
Elyvilon
Fedhas
Gozag
Hepliaklqana
Kikubaaqudgha
Makhleb
Nemelex Xobeh
Okawaru
Qazlal
Ru
Trog
Uskayaw
Wu Jian
Xom
Yredelemnul
Zin

Shops:
D:4 =

Annotations:
Temple 2 transporters


Innate Abilities, Weirdness & Mutations

You have razor-sharp teeth.
Your natural rate of healing is unusually fast.
When hurt, damage is shared between your health and your magic reserves.
Your bite disrupts and absorbs the magic of your enemies.
Potions cannot restore your health.


Message History

You are more poisoned.
The killer bee poisons you! The killer bee barely misses you.
You feel very sick. The killer bee closely misses you.
The killer bee misses you.
You feel very sick.
The killer bee attacks as it pursues you!
The killer bee stings you. The killer bee closely misses you.
You feel very sick. The killer bee stings you.
You are more poisoned.
The killer bee poisons you! The killer bee stings you. x2
You are lethally poisoned!
The killer bee poisons you!
* * * LOW HITPOINT WARNING * * *
You feel very sick.
The killer bee attacks as it pursues you!
The killer bee stings you.
* * * LOW HITPOINT WARNING * * *
The killer bee attacks as it pursues you!
The killer bee misses you. The killer bee stings you.
* * * LOW HITPOINT WARNING * * *
Okay, then.
Your system rejects the healing.
You feel better. The killer bee closely misses you. The killer bee stings you.
* * * LOW HITPOINT WARNING * * *
You are poisoned.
The killer bee poisons you!
The killer bee stings you but does no damage.
The air fills with toxic fumes!
As you read the scroll of poison, it crumbles to dust.
You feel sick.
The killer bee stings you but does no damage.
There's no open space to fill with poison.
Blink to where?
Press: ? - help, Dir - move target
As you read the scroll labelled JIOLYI XAYGE, it crumbles to dust.
It was a scroll of blinking.
You are engulfed in poison gas.
You are lethally poisoned!
* * * LOW HITPOINT WARNING * * *
You die...

..........# #.#
..........# #.#
..........# #.#
#..[.....## #.#
..<.....## #.#
.........# ..#
.........# .##
.........####
...........@## #
.........##§§# §# ##
........####§###§#§§§
#......#####§§§§§§§#
#####.##....§§#§§#...
###....####§§§## .[.#
###§### ###.#####yyy#
##.....§§5yy##


You could see a killer bee.

Vanquished Creatures
  Sigmund (D:6)
  A water moccasin (D:5)
  A black bear (D:5)
  2 ogres
  A kobold brigand (D:5)
  A bullfrog (D:7)
  A scorpion (D:4)
  2 bombardier beetles
  4 hounds
  6 jellies
  6 orc priests
  A gnoll bouda (D:5)
  5 iguanas
  2 sleepcaps (D:4)
  4 orc wizards
  7 gnolls
  2 river rats (Sewer)
  12 adders
  5 white imps
  8 ufetubi
  2 dart slugs
  26 orcs
  5 bats
  16 endoplasms
  8 giant cockroaches
  2 goblins
  7 hobgoblins
  7 jackals (D:1)
  5 quokkas
  11 ball pythons
  5 frilled lizards
  9 kobolds
  13 rats
188 creatures vanquished.

Notes
Turn   | Place    | Note
-------+----------+-------------------------------------------
     0 | D:1      | dorian the Vine Stalker Brigand began the quest for the
                  | Orb.
     0 | D:1      | Reached XP level 1. HP: 11/11 MP: 2/2
   189 | D:1      | Reached skill level 2 in Short Blades
   205 | D:1      | Reached XP level 2. HP: 12/15 MP: 3/3
   465 | D:1      | Reached XP level 3. HP: 18/18 MP: 2/4
   998 | D:2      | Reached skill level 3 in Short Blades
  1068 | D:2      | Reached XP level 4. HP: 23/23 MP: 3/5
  1222 | D:2      | Found an ancient bone altar of Kikubaaqudgha.
  1486 | D:3      | Reached XP level 5. HP: 22/28 MP: 6/6
  1546 | D:3      | Reached skill level 4 in Short Blades
  2227 | D:4      | Reached XP level 6. HP: 14/32 MP: 7/7
  2296 | D:4      | Reached skill level 5 in Short Blades
  2357 | D:4      | Found a glowing drain.
  2512 | Sewer    | Entered a sewer
  2737 | Sewer    | Reached XP level 7. HP: 26/37 MP: 8/8
  2796 | Sewer    | Found a shimmering altar of Xom.
  3082 | D:4      | Reached skill level 6 in Short Blades
  3279 | D:4      | Found Omeduf's Jewellery Shop.
  3546 | D:5      | Entered Level 5 of the Dungeon
  3552 | D:5      | Found a stormy altar of Qazlal.
  3801 | D:5      | Gained mutation: You have razor-sharp teeth. [Vine Stalker
                  | growth]
  3801 | D:5      | Reached XP level 8. HP: 35/42 MP: 9/9
  3891 | D:5      | Reached skill level 5 in Fighting
  3891 | D:5      | Reached skill level 7 in Short Blades
  4185 | D:5      | Found a white marble altar of Elyvilon.
  4657 | D:5      | Reached skill level 8 in Short Blades
  5331 | D:6      | Reached XP level 9. HP: 44/48 MP: 10/10
  5546 | D:6      | Noticed Sigmund
  5557 | D:6      | Killed Sigmund
  5575 | D:6      | Found a staircase to the Ecumenical Temple.
  5815 | Temple   | Found a transporter.
  5815 | Temple   | Found a transporter.
  5815 | Temple   | Found a transporter.
  5815 | Temple   | Found a transporter.
  5815 | Temple   | Entered the Ecumenical Temple
  5838 | Temple   | Became a worshipper of Uskayaw the Reveller
  5936 | D:7      | Reached * piety under Uskayaw
  5942 | D:7      | Reached ** piety under Uskayaw
  5943 | D:7      | Reached skill level 9 in Short Blades
  5986 | D:7      | HP: 1/49 [cloud of poison gas (3)]
  5986 | D:7      | Succumbed to their own poison gas

Illustrated notes

Levels and vault maps discovered:
D:1:      dpeg_arrival_radiant, layout_basic
D:2:      layout_basic, basic_altar, minmay_stone_trees_small,
          minmay_diced_spiral
D:3:      layout_loops_ring, minivault_4
D:4:      layout_cave_pods, serial_shops, shop, serial_park,
          serial_park_avenue1, serial_park_fountain, serial_park_gazebo
          [serial_park_minivault_5x5_8], serial_park_square3
          [serial_park_minivault_5x5_2], gup_sewer_entry_glass
D:5:      layout_cave_pools, nicolae_qazlal_scattered_showers, elyvilon_altar_5,
          grunt_ministairs_9, nicolae_zen_rock_garden, roderic_lattice_a,
          lexackson_kobold_supper
D:6:      layout_cave_pools, minmay_temple_entry_stoned_glass, serial_rivers,
          chequers_serial_rivers_large_b, chequers_serial_rivers_small_a,
          chequers_serial_rivers_marsh, chequers_serial_rivers_micro_a,
          chequers_serial_rivers_room_b, uniq_sigmund
D:7:      layout_rooms, minmay_holes
Temple:   hellmonk_temple_divided_pantheon

Skill      XL: |  1  2  3  4  5  6  7  8  9 |
---------------+----------------------------+-----
Short Blades   | 2 3 4 5 6 8 9 |  9.0
Fighting       | 2 3 4 6 |  6.4
Throwing       | |  1.7
Dodging        | |  0.7
Stealth        | |  4.8

Action                     |  1- 3 |  4- 6 |  7- 9 || total
---------------------------+-------+-------+-------++-------
  Melee: Dagger            |   100 |   183 |   454 ||   737
         Bite              |    18 |    42 |   160 ||   220
         Punch             |     1 |     1 |     9 ||    11
    Use: Scroll            |     4 |     8 |     3 ||    15
         Potion            |       |       |     1 ||     1
   Stab: Sleeping          |     3 |     7 |     3 ||    13
         Distracted        |     1 |       |     1 ||     2
 Armour: Robe              |    64 |    82 |   262 ||   408
  Dodge: Dodged            |    57 |    80 |   178 ||   315
